 Dungeon Crawl Stone Soup version 0.29.1-12-g30fa7ad0bf (webtiles) character file.

Game seed: 2373258093054656497

249072 Discosetron the Crack Shot (level 19, -1/164 HPs)
             Began as a Barachi Arcane Marksman on Jan 6, 2023.
             Was the Champion of Dithmenos.
             Slain by Ucyegutu the Head Instructor
             ... wielding a +0 antimagic triple sword
              (34 damage)
             ... in a wizard's laboratory.
             The game lasted 01:48:21 (31209 turns).

Discosetron the Crack Shot (BaAM)                  Turns: 31209, Time: 01:48:22

Health: -1/164     AC: 13    Str: 13    XL:     19   Next: 58%
Magic:  0/26       EV: 26    Int: 16    God:    Dithmenos [******]
Gold:   1336       SH:  0    Dex: 25    Spells: 16/28 levels left

rFire   + . .      SeeInvis +   a - +5 arbalest (freeze)
rCold   + . .      Faith    .   (shield currently unavailable)
rNeg    . . .      Spirit   .   H - +4 troll leather armour
rPois   .          Reflect  .   M - +3 crown of Dyrovepreva {rElec Int+2 SInv}
rElec   +          Harm     .   I - scarf {rC+ rF+}
rCorr   .          Rampage  .   P - +0 pair of gloves
Will    +....      NoTele   +   K - +0 pair of boots
Stlth   +++.......              q - amulet of Vitality {RegenMP++ Regen++}
HPRegen 2.77/turn               G - +6 ring of dexterity
MPRegen 1.00/turn               n - +4 ring of slaying

@: mighty, untranslocatable, unable to hop, hasted, wreathed by umbra, studying
Maces & Flails, quick
A: amphibious, slowness 1, strong legs 2, +LOS
}: 2/15 runes: barnacled, gossamer
a: Hop, Renounce Religion, Shadow Step, Shadow Form


You were in a wizard's laboratory.
You worshipped Dithmenos.
Dithmenos was exalted by your worship.
You visited 6 branches of the dungeon, and saw 31 of its levels.
You also visited: Gauntlet, Ice Cave and Wizlab.

You collected 3224 gold pieces.
You spent 1888 gold pieces at shops.

Inventory:

Hand Weapons
 a - a +5 arbalest of freezing (weapon)
 s - a +4 longbow of flaming
Armour
 r - a +0 cloak of poison resistance
 H - a +4 troll leather armour (worn)
 I - a scarf of resistance (worn)
 K - a +0 pair of boots (worn)
 M - the +3 crown of Dyrovepreva (worn) {rElec Int+2 SInv}
   (You found it in a Gauntlet)

   Int:       It affects your intelligence (+2).
   rElec:     It insulates you from electricity.
   SInv:      It lets you see invisible.
 P - a +0 pair of gloves (worn)
 U - the +0 cloak of Jedemm {Harm rF+++ rC- Int+4}
   (You found it on level 13 of the Dungeon)

   Int:       It affects your intelligence (+4).
   rF:        It renders you almost immune to fire.
   rC:        It makes you vulnerable to cold.
   Harm:      It increases damage dealt and taken.
Jewellery
 g - a ring of flight
 n - a +4 ring of slaying (right hand)
 q - the amulet of Vitality (around neck) {RegenMP++ Regen++}
   (You acquired it on level 7 of the Dungeon)

   [amulet of magic regeneration]

   It increases your rate of magic regeneration.
   Regen:     It increases your rate of health regeneration.
 G - a +6 ring of dexterity (left hand)
 N - a ring of poison resistance
 S - a ring of positive energy
Wands
 c - a wand of paralysis (10)
 j - a wand of iceblast (30)
 A - a wand of quicksilver (9)
 D - a wand of digging (3)
 J - a wand of flame (5)
Scrolls
 b - 5 scrolls of poison
 k - 3 scrolls of blinking
 l - 7 scrolls of immolation
 m - 4 scrolls of vulnerability
 x - 2 scrolls of summoning
 y - 2 scrolls of teleportation
 C - 5 scrolls of butterflies
 E - 7 scrolls of amnesia
 F - 4 scrolls of magic mapping
 L - a scroll of enchant armour
 R - 4 scrolls of brand weapon
 V - 2 scrolls of fear
 X - 2 scrolls of silence
Potions
 d - 2 potions of brilliance
 e - 5 potions of cancellation
 f - 3 potions of haste
 h - 8 potions of lignification
 i - 2 potions of attraction
 o - 9 potions of curing
 t - 3 potions of mutation
 u - 6 potions of berserk rage
 v - a potion of magic
 w - 3 potions of invisibility
 z - a potion of might
 B - 4 potions of resistance
 Q - 3 potions of flight
 Y - 4 potions of ambrosia
 Z - a potion of heal wounds
Miscellaneous
 p - a condenser vane (inert)


   Skills:
 + Level 18.5 Fighting
 + Level 23.8 Ranged Weapons
 * Level 16.3 Dodging
 - Level 5.0 Spellcasting
 - Level 3.2 Hexes
 - Level 3.0 Summonings
 * Level 6.1 Translocations
 * Level 10.6 Invocations


You had 16 spell levels left.
You knew the following spells:

 Your Spells              Type           Power      Damage    Failure   Level
a - Slow                  Hex            56%        N/A       4%          1
b - Passwall              Tmut/Erth      3%         N/A       28%         2
f - Portal Projectile     Hex/Tloc       38%        N/A       9%          3
l - Blink                 Tloc           46%        N/A       2%          2
u - Swiftness             Air            4%         N/A       50%         3
y - Summon Small Mammal   Summ           52%        N/A       5%          1

Your spell library contained the following spells:

 Spells                   Type           Power      Damage    Failure   Level
 Ensorcelled Hibernation  Hex/Ice        18%        N/A       16%         2
 Summon Guardian Golem    Hex/Summ       14%        N/A       16%         3
 Tukima's Dance           Hex            14%        N/A       16%         3
 Passage of Golubria      Tloc           23%        N/A       16%         4
 Call Canine Familiar     Summ           13%        N/A       17%         3
 Magic Dart               Conj           16%        1d3       19%         1
 Necrotise                Necr           16%        1d4       19%         1
 Sandblast                Erth           8%         2d5       19%         1
 Scorch                   Fire           8%         2d5       28%         2
 Searing Ray              Conj           8%         2d4       28%         2
 Static Discharge         Conj/Air       4%         3-4/arc   28%         2
 Inner Flame              Hex/Fire       9%         N/A       30%         3
 Manifold Assault         Tloc           23%        N/A       38%         5
 Cause Fear               Hex            7%         N/A       45%         4
 Conjure Flame            Conj/Fire      4%         6-21      50%         3
 Ignite Poison            Fire/Tmut/Pois 4%         N/A       50%         3
 Ozocubu's Armour         Ice            4%         N/A       50%         3
 Stone Arrow              Conj/Erth      8%         3d7       50%         3
 Vampiric Draining        Necr           4%         2d6       50%         3
 Summon Forest            Summ/Tloc      9%         N/A       63%         5
 Anguish                  Hex/Necr       4%         N/A       69%         4
 Fulminant Prism          Conj/Hex       4%         3d6       69%         4
 Animate Armour           Summ/Erth      16%        N/A       71%         4
 Summon Ice Beast         Ice/Summ       8%         N/A       71%         4
 Summon Lightning Spire   Summ/Air       8%         N/A       71%         4
 Summon Mana Viper        Hex/Summ       14%        N/A       83%         5
 Dispel Undead            Necr           4%         3d7       88%         4
 Olgreb's Toxic Radiance  Pois           4%         N/A       88%         4
 Sticky Flame             Conj/Fire      4%         2d3       88%         4
 Dispersal                Tloc           11%        N/A       93%         6
 Yara's Violent Unravell  Hex/Tmut       4%         3d4       95%         5
 Agony                    Necr           4%         N/A       99%         5
 Blade Hands              Tmut           2%         N/A       99%         5
 Fireball                 Conj/Fire      2%         3d4       99%         5
 Iskenderun's Battlesphe  Conj           4%         2d6       99%         5
 Conjure Ball Lightning   Conj/Air       2%         3x3d6     100%        6
 Iron Shot                Conj/Erth      2%         9d2       100%        6
 Summon Cactus Giant      Summ           6%         N/A       100%        6
 Enfeeble                 Hex            7%         N/A       100%        7
 Monstrous Menagerie      Summ           6%         N/A       100%        7
 Orb of Destruction       Conj           2%         9d5       100%        7
 Ozocubu's Refrigeration  Ice            2%         4d7       100%        7
 Storm Form               Tmut/Air       2%         N/A       100%        7
 Discord                  Hex            7%         N/A       100%        8
 Disjunction              Tloc           11%        N/A       100%        8
 Ignition                 Fire           2%         3d3       100%        8
 Maxwell's Capacitive Co  Air            2%         ∞         100%        8
 Fire Storm               Conj/Fire      2%         8d1       100%        9


Dungeon Overview and Level Annotations

Branches:
Dungeon (15/15)            Temple (0/1) D:4            Lair (5/5) D:11
 Shoals (4/4) Lair:2       Spider (4/4) Lair:2        Slime (0/5) Lair:5
    Orc (2/2) D:12            Elf (0/3) Orc:2        Vaults (1/5) D:13
 Depths (0/4) D:15          IceCv (visited)          WizLab (1/1)
Gauntlet (visited)

Altars:
Ashenzari
Cheibriados
Dithmenos
Elyvilon
Gozag
Hepliaklqana
Makhleb
Okawaru
Qazlal
Ru
Sif Muna
Trog
Uskayaw
Wu Jian
Yredelemnul
The Shining One
Jiyva

Shops:
D:15 ?   Orc:1 *   Orc:2 :=[((((=:   Shoals:1 ?   Shoals:2 (

Annotations:
Lair:5 2 runed translucent doors
Shoals:2 2 transporters, exclusion: orange crystal statue


Innate Abilities, Weirdness & Mutations

You are amphibious.
You cover ground slowly.
You can hop long distances.
You have an extended range of vision and can be seen from far away.


Message History

Ucyegutu blinks!
Aiming: Quicksilver Bolt
Press: ? - help, Shift-Dir - straight line, f/p - Ucyegutu
Aim: Ucyegutu the Head Instructor, wielding two +0 antimagic triple swords and wearing a +0 plate armour of willpower (heavily wounded, soul bound, umbra, 53% to hit)
The bolt of dispelling energy hits Ucyegutu!
Ucyegutu is heavily wounded.
Ucyegutu's magical effects unravel!
Ucyegutu hits you with a +0 antimagic triple sword!
You feel your power leaking away.
Ucyegutu hits you with a +0 antimagic triple sword!!
You emit a cloud of dark smoke.
You feel your power leaking away.
You feel yourself speed up. Ucyegutu completely misses you.
Ucyegutu hits you with a +0 antimagic triple sword!!
You feel your power leaking away. The mana viper completely misses you.
Ucyegutu hits you with a +0 antimagic triple sword!!
Ucyegutu hits you with a +0 antimagic triple sword!
* * * LOW HITPOINT WARNING * * *
You emit a cloud of dark smoke.
You feel very mighty all of a sudden. The mana viper closely misses you.
Press: ? - help, v - describe, . - travel
Here: Ucyegutu the Head Instructor, wielding two +0 antimagic triple swords and wearing a +0 plate armour of willpower (black smoke, heavily wounded, umbra)
The floor, spattered with blood.
Unknown command.
Unknown command.
Casting: Blink (safe; 2% risk of failure)
Confirm with . or Enter, or press ? or * to list all spells.
You don't have enough magic to cast this spell.
As you read the scroll of fear, it crumbles to dust.
You assume a fearsome visage.
Ucyegutu resists with almost no effort.
The mana viper resists with almost no effort.
The mana viper looks frightened!
Ucyegutu completely misses you.
Ucyegutu hits you with a +0 antimagic triple sword!
* * * LOW HITPOINT WARNING * * *
You feel your power leaking away. Ucyegutu closely misses you.
Ucyegutu hits you with a +0 antimagic triple sword!!
You die...

............### .
...#.##.......##p'
#...§§.........
##...§§#S.......
#....#§§§..)#.♣. ♣
##....#§§§..##.. ♣.
#§§§§...§.)##..
♣..#§§SS..).§##.. #.
♣...§@§#..♣..#..#.....
♣..♣§@§♣))♣..♣....♣~~♣
♣...§§§.)......#.♣~~~~
♣......§..♣....#.~~~~~
####++####♣......~~~~~
♣♣...#.♣~~~~
♣....#.♣~~♣
♣..........
♣......#..#


You could see Ucyegutu the Head Instructor and 2 mana vipers.

Vanquished Creatures
  Bai Suzhen (Spider:3)
  Arachne (Spider:2)
  Jorgrun (D:12)
  Rupert (D:13)
  5 emperor scorpions
  An orc warlord (Orc:2)
  Aizul (Spider:3)
  A ghost moth (Spider:4)
  3 broodmothers
  6 entropy weavers
  Azrael (D:15)
  A minotaur (Gauntlet)
  Nessos (D:15)
  2 spark wasps
  2 ettins
  4 merfolk javelineers
  8 merfolk impalers
  Fannar (Lair:1)
  Harold (D:9)
  11 hydras
  A vault guard (D:13)
  A spriggan air mage (WizLab)
  6 radroaches
  A two-headed ogre (D:9)
  4 boulder beetles
  Erica (Lair:2)
  A catoblepas (Lair:5)
  5 centaur warriors
  5 jorogumos
  2 alligator snapping turtles
  5 satyrs
  24 death yaks
  5 death scarabs (Spider:4)
  5 merfolk avatars
  A merfolk aquamancer (Shoals:4)
  A vampire mage (WizLab)
  A tengu warrior (D:15)
  2 hell knights
  Urug (Lair:4)
  A sixfirhy (Gauntlet)
  Sonja (Lair:5)
  A salamander mystic (WizLab)
  9 pharaoh ants
  2 glowing orange brains (Gauntlet)
  14 sea snakes
  2 sun moths
  A deep troll (D:15)
  The ghost of zurenarrh the Carver, a novice MfGl of Okawaru (D:6)
  5 wizards
  4 steelbarb worms
  6 orb spiders
  2 lindwurms
  The ghost of Manslay the Magician, a novice OpCj (D:7)
  4 orc knights
  4 deep elf pyromancers
  20 harpies
  2 wolf spider zombies (Spider:4)
  5 necromancers
  2 mana vipers (WizLab)
  9 ugly things
  13 manticores
  22 wolf spiders
  6 cyclopes
  5 orc sorcerers
  4 moths of wrath
  17 fauns
  A centaur zombie (D:15)
  5 black mambas
  Joseph (Lair:1)
  13 merfolk sirens
  7 water nymphs
  2 torpor snails
  2 ice statues
  A centaur skeleton (D:15)
  A naga mage (WizLab)
  26 elephants
  Psyche (D:8)
  5 rime drakes
  3 molten gargoyles (Lair:5)
  7 cane toads
  4 efreet
  6 demonic crawlers
  A kobold demonologist (D:11)
  13 komodo dragons
  2 redback zombies
  A meliai (shapeshifter) (D:14)
  22 merfolk
  9 meliai
  4 spectral jumping spiders (Spider:4)
  6 wind drakes
  5 trolls
  5 polar bears
  A wolf spider simulacrum (D:15)
  21 tarantellas
  A spectral culicivora (Spider:4)
  3 spectral tarantellas (Spider:4)
  A jumping spider zombie (Spider:4)
  4 dream sheep (Shoals:4)
  18 blink frogs
  10 slime creatures
  Prince Ribbit (D:8)
  11 snapping turtles
  A culicivora zombie (Spider:4)
  5 flying skulls (Gauntlet)
  34 culicivoras
  25 jumping spiders
  5 wraiths (D:12)
  A shadow (D:13)
  2 spriggans (Lair:3)
  A vampire (D:8)
  2 water elementals (Shoals:1)
  18 humans (D:13)
  8 wyverns
  3 basilisks (Lair:5)
  33 yaks
  3 fire elementals
  Grum (D:9)
  7 steam dragons
  16 vampire mosquitoes
  A warg (Orc:1)
  54 redbacks
  Menkaure (D:5)
  8 hell hounds
  21 water moccasins
  43 orc warriors
  A swamp drake (D:12)
  A hornet zombie (D:15)
  7 black bears
  15 wolves
  11 ogres
  A boggart (Lair:3)
  17 centaurs
  2 kobold brigands
  15 bullfrogs
  A gnoll sergeant (D:8)
  A necrophage (D:7)
  2 scorpions
  20 wights
  An elephant simulacrum (IceCv)
  13 killer bees
  4 howler monkeys
  12 electric eels
  4 hounds
  5 jellies
  7 lava snakes
  2 gnoll boudas
  28 orc priests
  Jessica (D:2)
  3 iguanas
  37 orc wizards
  A polar bear simulacrum (IceCv)
  3 wolf simulacra (IceCv)
  6 adders
  13 gnolls
  2 shadow imps (Gauntlet)
  15 white imps
  6 ufetubi
  3 worms
  3 dart slugs
  124 orcs
  7 endoplasms
  7 giant cockroaches
  13 goblins
  14 hobgoblins
  11 jackals
  8 kobolds
  5 quokkas
  7 ball pythons
  2 bats (D:2)
  A frilled lizard (D:3)
  25 rats
1292 creatures vanquished.

Vanquished Creatures (others)
  The ghost of Jyacosit the Zephyrmancer, a journeyman TeAE of Gozag (Lair:3)
  A spriggan (Lair:3)
  A hornet (Lair:3)
  A polar bear (Lair:3)
  An orc priest (Orc:1)
  2 orc wizards
  89 fungi
  176 plants
272 creatures vanquished.

Grand Total: 1564 creatures vanquished

Notes
Turn   | Place    | Note
-------+----------+-------------------------------------------
     0 | D:1      | Discosetron the Barachi Arcane Marksman began the quest for
                  | the Orb.
     0 | D:1      | Reached XP level 1. HP: 15/15 MP: 2/2
   161 | D:1      | Reached XP level 2. HP: 21/21 MP: 3/3
   336 | D:1      | Reached skill level 3 in Ranged Weapons
   942 | D:2      | Reached XP level 3. HP: 26/26 MP: 4/4
   964 | D:2      | Noticed Jessica
   993 | D:2      | Killed Jessica
   994 | D:2      | Reached skill level 4 in Ranged Weapons
  1242 | D:2      | Reached XP level 4. HP: 32/32 MP: 5/5
  1521 | D:2      | Found a faded altar of an unknown god.
  2299 | D:3      | Found a shadowy altar of Dithmenos.
  2313 | D:3      | Became a worshipper of Dithmenos the Shadowed
  2468 | D:3      | Reached skill level 5 in Ranged Weapons
  2474 | D:3      | Reached XP level 5. HP: 37/37 MP: 6/6
  2587 | D:3      | Found a broken altar of Ashenzari.
  2614 | D:3      | Found a bloodstained altar of Trog.
  3060 | D:3      | Reached * piety under Dithmenos
  3263 | D:4      | Found a hide-covered altar of Uskayaw.
  3675 | D:4      | Reached skill level 6 in Ranged Weapons
  3675 | D:4      | Reached XP level 6. HP: 43/43 MP: 7/7
  3705 | D:4      | Found a staircase to the Ecumenical Temple.
  3958 | D:4      | Found an ornate altar of the Wu Jian Council.
  4593 | D:5      | Entered Level 5 of the Dungeon
  4685 | D:5      | Reached skill level 7 in Ranged Weapons
  4685 | D:5      | Reached XP level 7. HP: 36/48 MP: 8/8
  4826 | D:5      | Reached ** piety under Dithmenos
  5108 | D:5      | Reached skill level 8 in Ranged Weapons
  5208 | D:5      | Found a burning altar of Makhleb.
  5210 | D:5      | Found a sacrificial altar of Ru.
  5279 | D:5      | Noticed Menkaure
  5296 | D:5      | Killed Menkaure
  5683 | D:6      | Reached skill level 9 in Ranged Weapons
  5683 | D:6      | Reached XP level 8. HP: 33/54 MP: 9/9
  5934 | D:6      | Found a snail-covered altar of Cheibriados.
  6150 | D:6      | Found an opulent altar of Gozag.
  6228 | D:6      | Reached skill level 10 in Ranged Weapons
  6487 | D:6      | Found a transporter.
  6488 | D:6      | Noticed zurenarrh's ghost (novice MfGl)
  6507 | D:6      | Found a transporter.
  6558 | D:6      | Found a white marble altar of Elyvilon.
  6644 | D:6      | Found a basalt altar of Yredelemnul.
  7214 | D:6      | Reached skill level 11 in Ranged Weapons
  7440 | D:7      | Reached XP level 9. HP: 49/59 MP: 10/10
  7469 | D:7      | Identified 2 scrolls of acquirement
  7469 | D:7      | Acquired the amulet of Vitality {RegenMP++ Regen++}
  7469 | D:7      | Found the amulet of Vitality {RegenMP++ Regen++}
  7491 | D:7      | Learned a level 1 spell: Summon Small Mammal
  7540 | D:7      | Found a runed translucent door.
  7541 | D:7      | Acquired a +2 longbow of flaming
  7545 | D:7      | Noticed a deep elf pyromancer
  7546 | D:7      | Noticed Manslay's ghost (novice OpCj)
  7601 | D:7      | Reached *** piety under Dithmenos
  7645 | D:7      | Reached skill level 1 in Summonings
  7782 | D:7      | Found a shimmering blue altar of Sif Muna.
  7860 | D:7      | Reached skill level 12 in Ranged Weapons
  8027 | D:7      | Found an iron altar of Okawaru.
  8310 | D:8      | Noticed Psyche
  8325 | D:8      | Killed Psyche
  8364 | D:8      | Reached skill level 13 in Ranged Weapons
  8445 | D:8      | Reached XP level 10. HP: 65/65 MP: 11/11
  8484 | D:8      | Reached skill level 5 in Dodging
  8652 | D:8      | Reached **** piety under Dithmenos
  8658 | D:8      | Reached skill level 14 in Ranged Weapons
  8765 | D:8      | Noticed Prince Ribbit
  8774 | D:8      | Killed Prince Ribbit
  8996 | D:9      | Noticed Grum
  9001 | D:9      | Killed Grum
  9061 | D:9      | Reached skill level 15 in Ranged Weapons
  9125 | D:9      | Noticed a two-headed ogre
  9133 | D:9      | Killed a two-headed ogre
  9134 | D:9      | Reached XP level 11. HP: 72/72 MP: 12/12
  9172 | D:9      | Reached ***** piety under Dithmenos
  9274 | D:9      | Noticed Harold
  9293 | D:9      | Killed Harold
  9555 | D:9      | You fall into a shaft and drop 3 floors!
  9677 | D:11     | Found an iron altar of Okawaru.
  9693 | D:11     | Noticed a cyclops
  9698 | D:11     | Killed a cyclops
  9808 | D:11     | Found a staircase to the Lair.
  9851 | D:11     | Reached skill level 16 in Ranged Weapons
  9866 | D:11     | Noticed a cyclops
  9887 | D:11     | Killed a cyclops
 10181 | D:10     | Entered Level 10 of the Dungeon
 10181 | D:10     | Found a stormy altar of Qazlal.
 10194 | D:10     | Found a glowing golden altar of the Shining One.
 10252 | D:10     | Reached skill level 5 in Fighting
 10777 | D:10     | Found a hazy altar of Hepliaklqana.
 11536 | D:12     | Reached XP level 12. HP: 86/86 MP: 15/15
 11579 | D:12     | Noticed Jorgrun
 11658 | Lair:1   | Entered Level 1 of the Lair of Beasts
 11682 | Lair:1   | Noticed a five-headed hydra
 11691 | Lair:1   | Killed a five-headed hydra
 11747 | Lair:1   | Found a frozen archway.
 11759 | IceCv    | Entered an ice cave
 11770 | IceCv    | Found a transporter.
 11774 | IceCv    | Reached skill level 17 in Ranged Weapons
 11795 | IceCv    | Found a transporter.
 11895 | Lair:1   | Noticed a death yak
 11895 | Lair:1   | Noticed a death yak
 11895 | Lair:1   | Noticed a death yak
 11895 | Lair:1   | Noticed a death yak
 11895 | Lair:1   | Noticed a death yak
 11895 | Lair:1   | Noticed a death yak
 11902 | Lair:1   | Killed a death yak
 12089 | Lair:1   | Killed a death yak
 12091 | Lair:1   | Killed a death yak
 12096 | Lair:1   | Killed a death yak
 12098 | Lair:1   | Killed a death yak
 12102 | Lair:1   | Killed a death yak
 12267 | Lair:1   | Reached ****** piety under Dithmenos
 12277 | Lair:1   | Noticed Fannar
 12286 | Lair:1   | Killed Fannar
 12304 | Lair:1   | Noticed Joseph
 12308 | Lair:1   | Killed Joseph
 12746 | Lair:2   | Found a hole to the Spider Nest.
 12874 | Lair:2   | Noticed Erica
 12881 | Lair:2   | Killed Erica
 12882 | Lair:2   | Reached skill level 18 in Ranged Weapons
 13154 | Lair:2   | Noticed a death yak
 13169 | Lair:2   | Noticed a death yak
 13170 | Lair:2   | Killed a death yak
 13171 | Lair:2   | Gained mutation: You can hop long distances. [Barachi
                  | growth]
 13171 | Lair:2   | Reached XP level 13. HP: 98/98 MP: 16/16
 13462 | Lair:2   | Got Rugruemm's Handbook of the Charged Blaze
 13473 | Lair:2   | Learned a level 3 spell: Swiftness
 13487 | Lair:2   | Learned a level 2 spell: Passwall
 13540 | Lair:2   | Found a staircase to the Shoals.
 14288 | Lair:3   | Found a runed translucent door.
 14292 | Lair:3   | Identified the +8 sling "Ehyh" {freeze, rElec}
 14371 | Lair:3   | Reached skill level 1 in Invocations
 14441 | Lair:3   | Reached skill level 10 in Dodging
 14469 | Lair:3   | Reached skill level 19 in Ranged Weapons
 14582 | Lair:3   | Reached skill level 10 in Fighting
 14658 | Lair:3   | Noticed Jyacosit's ghost (journeyman TeAE)
 14658 | Lair:3   | Identified the +6 trident of Kindness {elec, rF+ Str+4
                  | Dex+2}
 14980 | Lair:4   | Reached XP level 14. HP: 96/110 MP: 17/17
 15179 | Lair:4   | Noticed Urug
 15194 | Lair:4   | Killed Urug
 15768 | Lair:5   | Entered Level 5 of the Lair of Beasts
 15779 | Lair:5   | Found a viscous altar of Jiyva.
 15779 | Lair:5   | Found a staircase to the Slime Pits.
 15867 | Lair:5   | Reached skill level 20 in Ranged Weapons
 16183 | Lair:5   | Reached skill level 5 in Invocations
 16226 | Lair:5   | Noticed Sonja
 16247 | Lair:5   | Killed Sonja
 16248 | Lair:5   | Reached XP level 15. HP: 82/120 MP: 18/18
 16588 | Lair:5   | Found a large runed translucent door.
 16588 | Lair:5   | Found a large runed translucent door.
 17167 | D:12     | Killed Jorgrun
 17351 | D:12     | Found a staircase to the Orcish Mines.
 17468 | D:12     | Found a stormy altar of Qazlal.
 17574 | Orc:1    | Entered Level 1 of the Orcish Mines
 17632 | Orc:1    | Found Xocvosir's CLEARANCE SALE!.
 17797 | Orc:1    | Bought a potion of curing for 12 gold pieces
 17820 | Orc:2    | Entered Level 2 of the Orcish Mines
 17845 | Orc:2    | Found a gate leading to a gauntlet.
 17855 | Gauntlet | Entered a Gauntlet
 17855 | Gauntlet | Found a transporter.
 17866 | Gauntlet | Found a transporter.
 17869 | Gauntlet | Found a transporter.
 17870 | Gauntlet | Found a transporter.
 17878 | Gauntlet | Found a transporter.
 17882 | Gauntlet | Found a transporter.
 17883 | Gauntlet | Found a transporter.
 17892 | Gauntlet | Found a transporter.
 17894 | Gauntlet | Found a transporter.
 17895 | Gauntlet | Found a transporter.
 17906 | Gauntlet | Found a transporter.
 17907 | Gauntlet | Found a transporter.
 17913 | Gauntlet | Found a transporter.
 17917 | Gauntlet | Found a transporter.
 18042 | Gauntlet | Reached skill level 21 in Ranged Weapons
 18109 | Gauntlet | Identified the ring "Vuebigg" {Fly rN++ EV+4 Int+8 Dex-5}
 18138 | Gauntlet | Identified the ring of Neguny {Wiz Dex+3}
 18171 | Gauntlet | Identified the +7 battleaxe of Governance {speed, rC+ rN+++
                  | Str+4 Int-2}
 18189 | Gauntlet | Found the +3 crown of Dyrovepreva {rElec Int+2 SInv}
 18192 | Gauntlet | Identified the +7 spear of Fixation {spect, rPois}
 18277 | Orc:2    | Found a staircase to the Elven Halls.
 18307 | Orc:2    | Found Dusid's Antique Weapon Shop.
 18325 | Orc:2    | Found Metsoaxa's Book Shop.
 18674 | Orc:2    | Found Uniy's Jewellery Boutique.
 18686 | Orc:2    | Bought a +4 ring of slaying for 1092 gold pieces
 18740 | Orc:2    | Found Ajossari's Book Emporium.
 18879 | Orc:2    | Found Ebocw's Jewellery Shoppe.
 19142 | Orc:2    | Found Cuetuaca's Antique Weapon Shoppe.
 19266 | Orc:2    | Noticed an orc warlord
 19304 | Orc:2    | Killed an orc warlord
 19305 | Orc:2    | Reached skill level 1 in Translocations
 19336 | Orc:2    | Found Cunkoas's Antique Weapon Boutique.
 19339 | Orc:2    | Found Yrghap's Antique Armour Shop.
 19488 | Orc:2    | Found Tojuergho's Antique Weapon Emporium.
 19538 | Orc:2    | Bought a glowing cloak for 240 gold pieces
 19538 | Orc:2    | Bought a pair of ancient boots for 304 gold pieces
 19538 | Orc:2    | Identified the +2 pair of boots of Bequeathed Knowledge
                  | {Rampage *Corrode +Inv Int+3} (You bought it in a shop on
                  | level 2 of the Orcish Mines)
 19763 | D:6      | Killed zurenarrh's ghost
 19778 | D:6      | Learned a level 2 spell: Blink
 19912 | D:7      | Killed Manslay's ghost
 20138 | D:13     | Noticed Rupert
 20167 | D:13     | Reached XP level 16. HP: 130/130 MP: 20/20
 20211 | D:13     | Killed Rupert
 20699 | Orc:2    | Bought a runed arbalest for 135 gold pieces
 21394 | D:13     | Found a gate to the Vaults.
 21439 | D:13     | Identified the +0 cloak of Jedemm {Harm rF+++ rC- Int+4}
 21983 | D:15     | Entered Level 15 of the Dungeon
 22081 | D:15     | Found Evafuw's Magic Scroll Shoppe.
 22091 | D:15     | Bought a scroll of enchant weapon for 105 gold pieces
 22265 | D:15     | Reached skill level 22 in Ranged Weapons
 22314 | D:15     | Noticed Azrael
 22323 | D:15     | Killed Azrael
 22341 | D:15     | Found a staircase to the Depths.
 22464 | D:15     | Noticed Nessos
 22469 | D:15     | Killed Nessos
 22911 | Spider:1 | Entered Level 1 of the Spider Nest
 23459 | Spider:1 | Reached skill level 5 in Spellcasting
 23459 | Spider:1 | Reached XP level 17. HP: 135/136 MP: 24/24
 23513 | Spider:1 | Reached skill level 5 in Translocations
 23747 | Lair:3   | Killed Jyacosit's ghost
 24362 | Spider:2 | Reached skill level 15 in Fighting
 24767 | Spider:2 | Noticed Arachne
 24778 | Spider:2 | Killed Arachne
 25252 | Spider:3 | Learned a level 3 spell: Portal Projectile
 25281 | Spider:3 | Noticed Aizul
 25289 | Spider:3 | Killed Aizul
 25401 | Spider:3 | Noticed Bai Suzhen
 25570 | Spider:3 | Killed Bai Suzhen
 25733 | Spider:4 | Entered Level 4 of the Spider Nest
 26037 | Spider:3 | Reached XP level 18. HP: 146/151 MP: 25/25
 26608 | Spider:4 | Reached skill level 23 in Ranged Weapons
 26608 | Spider:4 | Reached skill level 15 in Dodging
 27444 | Spider:4 | Got a gossamer rune of Zot
 27645 | Shoals:1 | Entered Level 1 of the Shoals
 27658 | Shoals:1 | Found Jitsaeri's Magic Scroll Shop.
 28147 | Shoals:1 | Found a runed translucent door.
 28589 | Shoals:1 | Identified the +6 short sword of the Tomato {vorpal, *Slow
                  | rPois rF+ Dex+4}
 28734 | Shoals:2 | Found a transporter.
 28740 | Shoals:2 | Reached skill level 10 in Invocations
 28773 | Shoals:2 | Found Olumeeru's Weapon Shop.
 28817 | Shoals:2 | Reached XP level 19. HP: 161/161 MP: 26/26
 28892 | Shoals:2 | Identified the amulet of Jaxepe {RegenMP Int+9}
 28896 | Shoals:2 | Found a transporter.
 29903 | Shoals:4 | Entered Level 4 of the Shoals
 29957 | Shoals:4 | Identified the amulet of Bomim {RegenMP Str+7}
 30073 | Shoals:4 | Identified the +0 plate armour "Ladghil" {rElec rC+ Str+3
                  | Dex-4}
 30579 | Shoals:4 | Got a barnacled rune of Zot
 31021 | Vaults:1 | Entered Level 1 of the Vaults
 31069 | Vaults:1 | Found a magical portal.
 31105 | WizLab   | Entered Yara's Duelist Academy
 31192 | WizLab   | Noticed Ucyegutu
 31209 | WizLab   | Slain by Ucyegutu the Head Instructor

Illustrated notes

Levels and vault maps discovered:
D:1:      mrwooster_arrival_statue_2, layout_basic
D:2:      layout_loops_ring, hellmonk_ecumenical_altar_lost_god,
          minmay_goblin_kobold_house, uniq_jessica
D:3:      layout_loops_ring, mainiacjoe_overflow_chevrons,
          mainiacjoe_overflow_small_starburst, trog_three_pillars_becter,
          hangedman_decor_push, grunt_ministairs_12, minmay_rat_hole
D:4:      layout_basic, nicolae_wu_jian_wuxing_cycle,
          mainiacjoe_overflow_concentric_impassable,
          minmay_temple_entry_proselytizer, minmay_puff
D:5:      layout_loops_ring, nicolae_overflow_squiral,
          hangedman_decor_diamond_cutter, minivault_25, uniq_menkaure
D:6:      layout_basic, kennysheep_ying_yang, marbit_many_paths,
          old_standard_altar, gammafunk_ghost_arena, kennysheep_generic_room_10
D:7:      layout_rooms, kennysheep_mini, led_sif_pool,
          ebering_ghost_inner_flame, nicolae_elevator_lobby_asterisk
D:8:      cheibrodos_barr_body, layout_basic, uniq_psyche, uniq_prince_ribbit1
D:9:      layout_loops_ring, uniq_grum, uniq_harold
D:10:     layout_loops_ring, mainiacjoe_overflow_alcove_1, lemuel_doored_altar,
          mainiacjoe_overflow_boulevard
D:11:     layout_loops_corners, due_lair_maze_entry_diamond, okawaru_trees_2
D:12:     layout_cave_pools, erik_orc_1, grunt_qazlal_clouds, uniq_jorgrun
D:13:     layout_stronghold, grunt_vaults_entry_tiered, uniq_rupert
D:14:     layout_rooms, serial_park_fountain
D:15:     hangedman_depths_entry_civil_slaughter, layout_loops_ring,
          nicolae_two_hexagons, serial_shops, shop, hangedman_weighted_door,
          minivault_10, uniq_azrael, uniq_nessos
Lair:1:   layout_regular_city, portal_ice_cave_entry_imps,
          dreamdust_gnoll_shepherd, uniq_fannar, uniq_joseph
Lair:2:   statuecave_lemuel, layout_small_grid, elwin_shoals_entry_rocks,
          spider_nest_entry_a, uniq_erica
Lair:3:   beast_lair_carwin_large_3, layout_gridlike,
          ebering_ghost_funeral_grove, nicolae_lair_liquid_snakes
Lair:4:   layout_long_grid, uniq_urug
Lair:5:   cheibrodos_lair_end_hotspot, layout_regular_city, slime_entry_1,
          uniq_sonja
Shoals:1: layout_shoals, serial_shops, nicolae_take_the_stairs, lightli_airlock
Shoals:2: gammafunk_sealed_arena, layout_shoals, serial_shops, shop
Shoals:3: layout_shoals, ldierk_geyser
Shoals:4: shoals_end_grunt_garden, layout_shoals,
          nicolae_shoals_siren_and_animal_friends
Spider:1: layout_spider_delve
Spider:2: layout_spider_delve, nicolae_spider_cling_halls, uniq_arachne
Spider:3: layout_spider_delve, uniq_aizul, uniq_bai_suzhen
Spider:4: floodkiller_spider_rune_tomb
Orc:1:    layout_caves, hellmonk_bongcloud_opening, nicolae_shop_clearance
Orc:2:    grunt_orc_community_town_hall, layout_caves,
          grunt_orc_community_big_house_1, grunt_orc_community_big_house_2,
          grunt_orc_community_house_3, grunt_orc_community_house_2,
          grunt_orc_community_house_2, grunt_orc_community_house_1,
          grunt_orc_community_house_3, gauntlet_entry_generic, serial_shops,
          nicolae_lakefront_shop, nicolae_diamond_shop,
          nicolae_shop_hallway_plus, nicolae_lakefront_shop,
          nicolae_shop_hallway_stairs
Vaults:1: infiniplex_enter_wizlab_spiral, nicolae_vaults_network_square,
          v_misc_2, vaults_room_hallway, v_misc_12, vaults_dpeg_doors,
          ontoclasm_vaults_twist, ontoclasm_vaults_ring_square,
          nicolae_vaults_ring_of_whatevers, vaults_room_semicircle, v_pattern_5,
          v_misc_26, v_misc_29, v_misc_8, vaults_dpeg_hooks, layout_vaults_maze,
          serial_shops, shop
WizLab:   wizlab_yara

Skill      XL: |  1  2  3  4  5  6  7  8  9 10 11 12 13 14 15 16 17 18 19 |
---------------+----------------------------------------------------------+-----
Ranged Weapons | 3 4 5 6 7 9 11 13 15 16 18 19 20 21 22 23 | 23.8
Summonings     | 1 2 3 |  3.0
Dodging        | 4 6 7 9 10 11 12 13 14 15 16 | 16.3
Fighting       | 2 5 8 10 11 13 14 16 17 18 | 18.5
Spellcasting   | 2 5 |  5.0
Invocations    | 2 5 6 7 8 10 | 10.6
Translocations | 1 4 5 6 |  6.1
Hexes          | |  3.2

Action                   |  1- 3 |  4- 6 |  7- 9 | 10-12 | 13-15 | 16-18 | 19-21 || total
-------------------------+-------+-------+-------+-------+-------+-------+-------++-------
 Fire: Sling             |    83 |   358 |   176 |       |       |       |       ||   617
       Longbow           |       |       |   122 |   481 |  1169 |   504 |   315 ||  2591
       Arbalest          |       |       |       |       |       |   929 |    42 ||   971
 Cast: Swiftness         |       |       |       |       |     1 |     1 |       ||     2
       Blink             |       |       |       |       |       |    41 |     5 ||    46
       Portal Projectile |       |       |       |       |       |     1 |    15 ||    16
       Slow              |       |       |       |       |       |     1 |       ||     1
       Summon Small Mamm |       |       |       |       |       |     1 |       ||     1
 Abil: Hop               |     3 |    12 |    10 |    13 |    22 |    30 |     3 ||    93
Evoke: Wand              |       |       |    22 |    13 |       |     5 |     1 ||    41
       Condenser vane    |       |       |       |       |       |     1 |     2 ||     3
  Use: Scroll            |       |     5 |     7 |    17 |     8 |     9 |     3 ||    49
       Potion            |       |     2 |     4 |     7 |     4 |     4 |     2 ||    23
Armor: Robe              |     8 |    32 |    12 |       |     1 |       |       ||    53
       Steam dragon scal |       |       |     1 |    12 |       |       |       ||    13
       Troll leather arm |       |       |       |    14 |    46 |   167 |    14 ||   241
Dodge: Dodged            |    29 |   127 |    83 |   134 |   374 |   897 |    71 ||  1715
